 Dungeon Crawl Stone Soup version 0.21.0 (webtiles) character file.

745 HungrySpirit the Vexing (level 7, -1/38 HPs)
             Began as a Deep Elf Artificer on Jan 7, 2018.
             Slain by a sky beast (2 damage)
             ... on level 5 of the Dungeon.
             The game lasted 00:15:20 (6396 turns).

HungrySpirit the Vexing (Deep Elf Artificer)        Turns: 6396, Time: 00:15:20

Health: -1/38      AC:  3    Str:  9    XL:     7   Next: 47%
Magic:  0/16       EV: 12    Int: 20    God:
Gold:   162        SH:  0    Dex: 15    Spells: 10/15 levels left

rFire    . . .     SeeInvis .   k - +0 short sword
rCold    . . .     Gourm    .   (no shield)
rNeg     . . .     Faith    .   b - +0 swamp dragon scales
rPois    +         Spirit   +   (no helmet)
rElec    .         Reflect  .   h - scarf {Spirit}
rCorr    .         Harm     .   (no gloves)
MR       .....     Rnd*Tele +   (no boots)
Stlth    +.........             (no amulet)
HPRegen  0.00/turn              c - ring of teleportation (curse)
MPRegen  0.15/turn              (no ring)

@: no status effects
A: blurry vision 1, clever 1, deformed body, inhibited regeneration
a: no special abilities


You were on level 5 of the Dungeon.
You were not hungry.

You visited 2 branches of the dungeon, and saw 7 of its levels.

You collected 162 gold pieces.

Inventory:

Hand Weapons
 k - a +0 short sword (weapon)
Armour
 b - +0 swamp dragon scales (worn)
 h - a scarf of spirit shield (worn)
 n - a +2 ring mail of cold resistance
Jewellery
 c - a cursed ring of teleportation (left hand)
Wands
 d - a wand of enslavement (11)
Scrolls
 a - 3 scrolls of identify
 i - a scroll of amnesia {unknown}
 l - a scroll of remove curse
 r - a scroll of enchant armour {unknown}
Potions
 j - a potion of haste
 o - a potion of degeneration {unknown}
 p - a potion of cancellation {unknown}
 q - a potion of ambrosia {unknown}
Books
 g - a book of Maledictions

   Spells                             Type                      Level
   a - Corona                         Hexes                        1
   b - Ensorcelled Hibernation        Hexes/Ice                    2
   c - Confuse                        Hexes                        3
   d - Tukima's Dance                 Hexes                        3
   e - Dazzling Spray                 Conjuration/Hexes            3
Comestibles
 f - 9 rations


   Skills:
 - Level 1.4 Fighting
 + Level 4.2 Short Blades
 + Level 5.0 Dodging
 - Level 1.2 Stealth
 + Level 4.7 Spellcasting
 * Level 5.5 Hexes
 - Level 3.2 Evocations


You had 10 spell levels left.
You knew the following spells:

 Your Spells              Type           Power        Failure   Level  Hunger
a - Ensorcelled Hibernat  Hex/Ice        ###...       16%         2    #......
b - Confuse               Hex            ####....     11%         3    ##.....


Dungeon Overview and Level Annotations

Branches:
Dungeon (6/15)             Temple (1/1) D:4

Altars:
Ashenzari
Dithmenos
Elyvilon
Fedhas
Gozag
Hepliaklqana
Kikubaaqudgha
Makhleb
Qazlal
Trog
Uskayaw
Wu Jian
Xom
Zin
The Shining One

Shops:
D:4 :


Innate Abilities, Weirdness & Mutations

Scrolls take you a little longer to read.
Your mind is acute. (Int +2)
Armour fits poorly on your strangely shaped body.
You do not regenerate when monsters are visible.


Message History

You closely miss the sky beast.
The sky beast is almost dead.
The sky beast flickers out of sight!
Deactivating autopickup; reactivate with Ctrl-A.
Something hits you but does no damage.
You closely miss something. You miss something.
Something hits you but does no damage.
You hit something but do no damage. Something hits you. Something shocks you.
You hit something but do no damage. Something hits you. Something shocks you.
You hit something. Something hits you. Something shocks you.
* * * LOW HITPOINT WARNING * * *
You miss something. Something hits you.
* * * LOW HITPOINT WARNING * * *
Something shocks you.
* * * LOW HITPOINT WARNING * * *
It was a potion of mutation.
You feel extremely strange.
Your regeneration stops near monsters.
Your vision blurs.
Your body twists and deforms.
You feel clever. Something hits you.
You die...

.# ##.........##
.# ##........###
##
#..........#####
##..............
#..............
##...##.......##
####..#####<....##
#>....# ##...##
#.##.@## #..# #
#...# #..# ##..#
#... ##.. #.##
.... ..# ..... ##
..###.. .# ##. .#
#.


There were no monsters in sight!

Vanquished Creatures
  A water moccasin (D:6)
  A centaur (D:5)
  A bullfrog (D:4)
  A hound (D:4)
  A scorpion (D:5)
  2 howler monkeys
  An iguana (D:5)
  A worker ant (D:4)
  3 orc wizards
  7 adders
  A shadow imp (D:5)
  An ooze (D:2)
  An adder skeleton (D:4)
  2 dart slugs (D:1)
  7 leopard geckos
  12 orcs
  3 bats
  5 giant cockroaches
  9 goblins
  11 hobgoblins
  10 jackals
  2 kobolds
  2 quokkas
  A ball python (D:5)
  5 frilled lizards
  A quokka skeleton (D:5)
  4 rats
96 creatures vanquished.

Vanquished Creatures (collateral kills)
  2 orcs (D:4)
2 creatures vanquished.

Vanquished Creatures (others)
  An ogre (D:4)
1 creature vanquished.

Grand Total: 99 creatures vanquished

Notes
Turn   | Place    | Note
-------+----------+-------------------------------------------
     0 | D:1      | HungrySpirit the Deep Elf Artificer began the quest for the Orb.
     0 | D:1      | Reached XP level 1. HP: 11/11 MP: 5/5
    35 | D:1      | Reached skill level 1 in Fighting
    35 | D:1      | Reached XP level 2. HP: 10/16 MP: 6/6
   336 | D:1      | Reached skill level 1 in Spellcasting
  1008 | D:1      | Reached XP level 3. HP: 20/20 MP: 7/7
  1540 | D:2      | Found a bloodstained altar of Trog.
  2023 | D:2      | Reached XP level 4. HP: 11/25 MP: 7/9
  2547 | D:2      | Found a white marble altar of Elyvilon.
  3344 | D:3      | Found an ornate altar of the Wu Jian Council.
  3617 | D:4      | Learned a level 2 spell: Ensorcelled Hibernation
  3631 | D:4      | Learned a level 3 spell: Confuse
  3651 | D:4      | You fall through a shaft for 2 floors!
  3667 | D:6      | Noticed an ogre
  3730 | D:5      | Entered Level 5 of the Dungeon
  3761 | D:6      | Noticed a water moccasin
  3777 | D:6      | Killed a water moccasin
  3777 | D:6      | Reached XP level 5. HP: 16/29 MP: 9/11
  3965 | D:6      | Noticed a centaur
  3987 | D:5      | Found a glowing silver altar of Zin.
  3988 | D:5      | Noticed a centaur
  4023 | D:5      | Killed a centaur
  4023 | D:5      | Reached XP level 6. HP: 34/34 MP: 11/13
  4680 | D:4      | Found Xecik's Book Boutique.
  4799 | D:4      | Found a shimmering altar of Xom.
  5135 | D:4      | Reached XP level 7. HP: 32/38 MP: 5/15
  5518 | D:4      | Found an opulent altar of Gozag.
  5573 | D:4      | Reached skill level 5 in Hexes
  5686 | D:4      | Found a staircase to the Ecumenical Temple.
  5707 | Temple   | Entered the Ecumenical Temple
  6159 | D:5      | Reached skill level 5 in Dodging
  6394 | D:5      | HP: 1/38 [something (5)]
  6396 | D:5      | Gained mutation: You do not regenerate when monsters are visible. [potion of mutation]
  6396 | D:5      | Gained mutation: Scrolls take you a little longer to read. [potion of mutation]
  6396 | D:5      | Gained mutation: Armour fits poorly on your strangely shaped body. [potion of mutation]
  6396 | D:5      | Gained mutation: Your mind is acute. (Int +2) [potion of mutation]
  6396 | D:5      | Slain by a sky beast

Skill      XL: |  1  2  3  4  5  6  7 |
---------------+----------------------+-----
Fighting       | 1 |  1.4
Spellcasting   | 1 2 3 4 |  4.7
Short Blades   | 2 3 4 |  4.2
Dodging        | 3 4 5 |  5.0
Hexes          | 2 3 4 5 |  5.5
Stealth        | |  1.2
Evocations     | |  3.2

Action                   |  1- 3 |  4- 6 |  7- 9 || total
-------------------------+-------+-------+-------++-------
Melee: Short sword       |   146 |   357 |   154 ||   657
 Cast: Ensorcelled Hiber |       |     6 |    11 ||    17
       Confuse           |       |     2 |     4 ||     6
Evoke: Wand              |    12 |    22 |       ||    34
  Use: Scroll            |       |     4 |       ||     4
       Potion            |       |     5 |     1 ||     6
 Stab: Sleeping          |     1 |     2 |     3 ||     6
       Confused          |       |     4 |     4 ||     8
       Betrayed ally     |       |     1 |       ||     1
  Eat: Chunk             |     4 |    10 |     5 ||    19
Armor: Leather armour    |    15 |       |       ||    15
       Ring mail         |    27 |    33 |       ||    60
       Swamp dragon scal |       |    61 |    40 ||   101
       Skin              |       |    87 |       ||    87
Dodge: Dodged            |    90 |   161 |    78 ||   329
